 Dungeon Crawl Stone Soup version 0.24.0-13-gcf9b319 (webtiles) character file.

Game seed: 7148525326276578736, levelgen mode: deterministic

23 Bronimir the Caller (level 2, -7/15 HPs)
             Began as a Tengu Summoner on Mar 12, 2020.
             Mangled by a worm (12 damage)
             ... on level 2 of the Dungeon.
             The game lasted 00:04:22 (1690 turns).

Bronimir the Caller (Tengu Summoner)                Turns: 1690, Time: 00:04:23

Health: -7/15      AC:  2    Str:  8    XL:     2   Next: 95%
Magic:  6/6        EV: 12    Int: 15    God:
Gold:   39         SH:  0    Dex: 14    Spells: 2/5 levels left

rFire    . . .     SeeInvis .   h - +0 dagger
rCold    . . .     Gourm    .   (no shield)
rNeg     . . .     Faith    .   a - +0 robe
rPois    .         Spirit   .   (helmet restricted)
rElec    .         Reflect  .   (no cloak)
rCorr    .         Harm     .   (no gloves)
MR       .....                  (boots unavailable)
Stlth    ++........             (no amulet)
HPRegen  0.05/turn              (no ring)
MPRegen  0.10/turn              (no ring)

@: no status effects
A: beak, talons 3
a: no special abilities


You were on level 2 of the Dungeon.
You were not hungry.

You visited 1 branch of the dungeon, and saw 2 of its levels.

You collected 39 gold pieces.

Inventory:

Hand Weapons
 h - a +0 dagger (weapon)
Missiles
 e - 27 stones (quivered)
 f - 28 bolts
Armour
 a - a +0 robe (worn)
Scrolls
 b - 3 scrolls of noise {unknown}
 d - a scroll of teleportation {unknown}
Potions
 g - 2 potions of brilliance {unknown}
 j - a potion of invisibility {unknown}
Comestibles
 c - 4 rations
 i - a chunk of flesh


   Skills:
 + Level 0.2 Fighting
 + Level 0.4 Short Blades
 + Level 2.2 Dodging
 + Level 2.2 Stealth
 + Level 0.1 Unarmed Combat
 + Level 2.2 Spellcasting
 + Level 5.3 Summonings


You had 2 spell levels left.
You knew the following spells:

 Your Spells              Type           Power        Failure   Level  Hunger
a - Summon Small Mammal   Summ           ###.         2%          1    #......
b - Call Imp              Summ           ###.....     3%          2    ###....

Your spell library contained the following spells:

 Spells                   Type           Power        Failure   Level  Hunger
 Call Canine Familiar     Summ           ###.....     8%          3    ###....
 Summon Guardian Golem    Hex/Summ       #.......     22%         3    ###....
 Summon Ice Beast         Ice/Summ       #.......     58%         4    #####..
 Summon Lightning Spire   Summ/Air       #.......     58%         4    #####..


Dungeon Overview and Level Annotations

Branches:
Dungeon (2/15)

Altars:


Innate Abilities, Weirdness & Mutations

You have a beak for a mouth.
You have claws for feet.


Message History

(D) Dungeon
Where to? (? - help)
There is a stone staircase leading down here.
You climb downwards.
A worm comes into view.
Found 7 gold pieces.
Found a stone staircase leading down.
There is a stone staircase leading up here.
A worm is nearby!
Found a glowing dagger.
No target in view!
No target in view!
No target in view!
Found a white potion and a brown potion.
Found 9 sling bullets.
You completely miss the worm. The worm bites you!
Ouch! That really hurt!
A dart slug comes into view.
The worm bites you!
Ouch! That really hurt!
You die...

## ## # #. .#
#.###w .####
.#..... ....##
...(...###.....#
#...w.....#
#.########@###.#.#
#.......>..###!#
#.....<..$.....#
#.######.#####.#
!.# ##.# #)# ..#
#..


You could see a worm.

Vanquished Creatures
  A leopard gecko (D:1)
  A ball python (D:1)
  A giant cockroach (D:1)
  2 hobgoblins (D:1)
  3 jackals (D:1)
  2 kobolds (D:1)
  A bat (D:1)
  2 rats (D:1)
13 creatures vanquished.

Vanquished Creatures (collateral kills)
  A dart slug (D:1)
  3 goblins (D:1)
  2 hobgoblins (D:1)
  3 jackals (D:1)
9 creatures vanquished.

Grand Total: 22 creatures vanquished

Notes
Turn   | Place    | Note
-------+----------+-------------------------------------------
     0 | D:1      | Bronimir the Tengu Summoner began the quest for the Orb.
     0 | D:1      | Reached XP level 1. HP: 10/10 MP: 4/4
   334 | D:1      | Reached skill level 5 in Summonings
   570 | D:1      | Reached XP level 2. HP: 15/15 MP: 1/6
   631 | D:1      | Learned a level 2 spell: Call Imp
  1690 | D:2      | Mangled by a worm

Levels and vault maps discovered:
D:1:      psy_arrival_spokes, layout_basic
D:2:      cheibrodos_old_hovel, layout_loops_ring

Skill      XL: |  1 |
---------------+----+-----
Summonings     | 5 |  5.3
Fighting       | |  0.2
Short Blades   | |  0.4
Dodging        | |  2.2
Stealth        | |  2.2
Unarmed Combat | |  0.1
Spellcasting   | |  2.2

Action                   || total
-------------------------++-------
Melee: Unarmed           ||    11
       Dagger            ||    31
       Kick              ||     6
       Peck              ||     6
 Cast: Summon Small Mamm ||    10
       Call Imp          ||     8
 Stab: Sleeping          ||     3
  Eat: Chunk             ||     3
Armor: Robe              ||     6
Dodge: Dodged            ||    32
